 Dungeon Crawl Stone Soup version 0.21.1-1-g345015f (webtiles) character file.

92 tyranidshit the Skirmisher (level 4, 0/39 HPs)
             Began as a Demonspawn Abyssal Knight on July 31, 2018.
             Was a Believer of Lugonu.
             Slain by LittleStrapony's ghost (6 damage)
             ... on level 3 of the Dungeon.
             The game lasted 00:05:15 (2415 turns).

tyranidshit the Skirmisher (DsAK)                   Turns: 2415, Time: 00:05:15

Health: 0/39       AC:  8    Str: 14    XL:     4   Next: 35%
Magic:  5/5        EV:  3    Int: 13    God:    Lugonu [**....]
Gold:   159        SH:  7    Dex: 12    Spells: 3/3 levels left

rFire    . . .     SeeInvis .   a - +1 hand axe
rCold    . . .     Gourm    .   c - +0 shield
rNeg     . . .     Faith    .   k - +0 chain mail
rPois    .         Spirit   .   (no helmet)
rElec    .         Reflect  .   (no cloak)
rCorr    .         Harm     .   (no gloves)
MR       .....                  (no boots)
Stlth    ..........             (no amulet)
HPRegen  0.13/turn              i - +2 ring of intelligence
MPRegen  0.09/turn              (no ring)

@: hasted, very quick
A: hooves 1, dopey 1, screaming 1
a: Depart the Abyss, Bend Space, Renounce Religion


You were on level 3 of the Dungeon.
You worshipped Lugonu.
Lugonu was pleased with you.
You were not hungry.

You visited 1 branch of the dungeon, and saw 3 of its levels.
You visited the Abyss 1 time.

You collected 159 gold pieces.

Inventory:

Hand Weapons
 a - a +1 hand axe (weapon)
Armour
 b - a +0 leather armour
 c - a +0 shield (worn)
 k - a +0 chain mail (worn)
 m - a +1 ring mail
Jewellery
 i - a +2 ring of intelligence (left hand)
Wands
 j - a wand of random effects (18)
Scrolls
 d - 3 scrolls of identify
 e - a scroll of fog
 g - 2 scrolls of blinking


   Skills:
 - Level 5.1 Fighting
 - Level 1.7 Axes
 + Level 2.0 Armour
 - Level 0.8 Dodging
 - Level 2.4 Invocations


You had 3 spell levels left.
You didn't know any spells.

Dungeon Overview and Level Annotations

Branches:
Dungeon (3/15)

Altars:
Dithmenos
Ru
Vehumet

Annotations:
D:3 Grinder; LittleStrapony's ghost, amateur MiCK


Innate Abilities, Weirdness & Mutations

You have large cloven feet.
You are dopey. (Int -2)
You occasionally shout uncontrollably at your foes.


Message History

You kick LittleStrapony's ghost.
LittleStrapony's ghost is severely damaged.
LittleStrapony's ghost hits you!
* * * LOW HITPOINT WARNING * * *
You hit LittleStrapony's ghost but do no damage.
LittleStrapony's ghost is severely damaged.
LittleStrapony's ghost hits you but does no damage.
You hit LittleStrapony's ghost but do no damage.
LittleStrapony's ghost is severely damaged.
LittleStrapony's ghost hits you but does no damage.
You hit LittleStrapony's ghost.
You kick LittleStrapony's ghost, but do no damage.
LittleStrapony's ghost is severely damaged.
You block LittleStrapony's ghost's attack.
Unknown command.
You aren't carrying any potions.
You hit LittleStrapony's ghost but do no damage.
LittleStrapony's ghost is severely damaged.
LittleStrapony's ghost hits you.
You die...

## #.. #.#
#.###############.#
..........[.W@..#.#
#.##...########.#.#######
#... ######..........
#.b. .....(.......## ##.#
#######.#.##.# #W
#.#.##.# .. ..#.##.# # ..
####.##.# .#
#.##.#####..#


You could see LittleStrapony's ghost.

Vanquished Creatures
  An adder (D:2)
  A gnoll (D:1)
  2 worms (D:2)
  3 dart slugs (D:1)
  An orc (D:3)
  4 giant cockroaches
  8 goblins
  6 hobgoblins
  3 jackals (D:2)
  3 quokkas
  7 bats
  7 frilled lizards (D:1)
  11 kobolds
  5 rats
62 creatures vanquished.

Notes
Turn   | Place    | Note
-------+----------+-------------------------------------------
     0 | Abyss:1  | tyranidshit the Demonspawn Abyssal Knight began the quest for the Orb.
     0 | Abyss:1  | Reached XP level 1. HP: 18/18 MP: 2/2
    39 | Abyss:1  | Noticed a neqoxec
    49 | Abyss:1  | Gained mutation: You are dopey. (Int -2) [a neqoxec]
    62 | Abyss:1  | Gained mutation: You occasionally shout uncontrollably at your foes. [a neqoxec]
    66 | Abyss:1  | Noticed a small abomination
    68 | Abyss:1  | Noticed a wraith
    69 | Abyss:1  | Noticed a small abomination
    70 | D:1      | Escaped the Abyss
   181 | D:1      | HP: 1/27 [gnoll/club (1)]
   183 | D:1      | Gained mutation: You have large cloven feet. [demonic ancestry]
   183 | D:1      | Reached XP level 2. HP: 1/24 MP: 3/3
   495 | D:1      | Reached * piety under Lugonu
   624 | D:1      | Reached skill level 4 in Fighting
   686 | D:1      | Reached XP level 3. HP: 13/30 MP: 4/4
  1357 | D:2      | Reached ** piety under Lugonu
  1387 | D:2      | Found a shadowy altar of Dithmenos.
  1614 | D:2      | Reached XP level 4. HP: 29/38 MP: 5/5
  1656 | D:2      | Reached skill level 5 in Fighting
  1661 | D:2      | Found a radiant altar of Vehumet.
  1955 | D:2      | Found a sacrificial altar of Ru.
  2146 | D:3      | Noticed Grinder
  2148 | D:3      | Paralysed by Grinder for 6 turns
  2373 | D:3      | Noticed LittleStrapony's ghost (amateur MiCK)
  2415 | D:3      | Slain by LittleStrapony's ghost

Skill      XL: |  1  2  3  4 |
---------------+-------------+-----
Fighting       | 4 5 |  5.1
Armour         | 2 |  2.0
Axes           | |  1.7
Dodging        | |  0.8
Invocations    | |  2.4

Action                   |  1- 3 |  4- 6 || total
-------------------------+-------+-------++-------
Melee: Hand axe          |   120 |    99 ||   219
       Kick              |    19 |    31 ||    50
Invok: Depart the Abyss  |     1 |       ||     1
  Use: Potion            |     5 |     1 ||     6
       Scroll            |     4 |     3 ||     7
  Eat: Ration            |     1 |     1 ||     2
Armor: Leather armour    |    23 |       ||    23
       Skin              |     1 |       ||     1
       Ring mail         |    15 |    17 ||    32
       Chain mail        |       |    35 ||    35
Dodge: Dodged            |    65 |    34 ||    99
Block: Shield            |       |    16 ||    16
